 Dungeon Crawl Stone Soup version 0.31-a0-187-gba352fbbf7 (webtiles) character file.

Game seed: 11182260306501076551

208 qw the Skirmisher (level 5, -4/30 HPs)
             Began as a Deep Elf Hunter on June 22, 2023.
             Slain by a bullfrog (5 damage)
             ... in a sewer.
             The game lasted 00:01:24 (2086 turns).

qw the Skirmisher (Deep Elf Hunter)                 Turns: 2086, Time: 00:01:24

Health: -4/30      AC:  9    Str: 10    XL:     5   Next: 55%
Magic:  7/7        EV:  8    Int: 14    God:
Gold:   62         SH:  0    Dex: 18    Spells: 4/4 levels left

rFire   + . .        Y - +0 shortbow
rCold   . . .        (shield currently unavailable)
rNeg    . . .        g - +2 ring mail
rPois   .            (no helmet)
rElec   .            (no cloak)
rCorr   .            (no gloves)
SInv    .            b - +1 pair of boots
Will    +....        (no amulet)
Stlth   +            e - ring of protection from fire
HPRegen 0.25/turn    a - ring of willpower
MPRegen 0.10/turn

%: no passive effects
@: lethally poisoned (-4 -> -7), constricted
A: no striking features
a: no special abilities


You were in a sewer.
You visited 1 branch of the dungeon, and saw 3 of its levels.
You also visited: Sewer.

You collected 166 gold pieces.
You spent 104 gold pieces at shops.


   Skills:
 + Level 1.8 Fighting
 - Level 9.0 Ranged Weapons
 - Level 2.4 Dodging
 - Level 1.2 Stealth


You had 4 spell levels left.
You didn't know any spells.
Your spell library was empty.

Inventory:

Hand Weapons
 Y - a +0 shortbow (weapon)
Armour
 b - a +1 pair of boots (worn)
 g - a +2 ring mail (worn)
Jewellery
 a - a ring of willpower (right hand)
 e - a ring of protection from fire (left hand)
Scrolls
 h - 3 scrolls of identify
 i - 2 scrolls of teleportation
 j - a scroll of fear {unknown}
 k - a scroll of blinking {unknown}
Potions
 c - a potion of lignification {unknown}
 d - a potion of resistance {unknown}
 f - 2 potions of heal wounds {unknown}
 l - a potion of might {unknown}

Dungeon Overview and Level Annotations

Branches:
Dungeon (3/15)              Sewer (1/1)

Altars:

Shops:
D:3 ?


Message History

You shoot an arrow. The arrow closely misses the adder.
The bullfrog gives a loud, deep croak!
The adder barely misses you. The ball python closely misses you.
The ball python grabs you. The ball python constricts you. The adder bites you.
You are poisoned.
The adder poisons you! The adder bites you.
You are more poisoned.
The adder poisons you! The ball python closely misses you.
The ball python constricts you.
You shoot an arrow. The arrow hits the ball python.
You kill the ball python!
You feel very sick. The adder closely misses you. The bullfrog hits you.
The adder bites you. The bullfrog closely misses you.
You shoot an arrow. The arrow hits the adder.
You kill the adder!
You feel sick. The adder closely misses you.
The ball python bites you but does no damage.
The ball python barely misses you.
The ball python bites you but does no damage.
The ball python closely misses you. The bullfrog misses you.
A ball python comes into view.
The adder bites you but does no damage. The ball python barely misses you. x2
The ball python bites you but does no damage.
The ball python grabs you. The ball python constricts you.
You shoot an arrow.
The arrow closely misses the ball python.
You feel sick. The bullfrog barely misses you.
The adder bites you but does no damage.
The ball python bites you but does no damage.
The ball python barely misses you. The ball python constricts you.
You shoot an arrow. The arrow hits the ball python!
You kill the ball python!
You feel sick.
The bullfrog hits you but does no damage.
The adder misses you. The bullfrog hits you.
The ball python bites you but does no damage.
The ball python grabs you. The ball python constricts you.
The bullfrog hits you! The adder bites you. The bullfrog hits you.
You die...

......
#.....
##.~~.##
#.~~~.
#~~~#~~#
#~~~~~
#~~~~~~#
#~~~~~
#~~~~~~#
#~~~~~
#~S~~~~#
#~~~~~
#~~~~~~#
#~~~~~
#lF#~~~#
#~~~~~
#S@Fl~~#
#~~~~~
#~.S~~~#
#~.~..
#~~#~~~#
#~..?~
#~#~~~~#
#~~~.~
#~~~~~~#
#~%~~~
#~~~~~~#
#~~~~~
#~~~~~~#
#%~~~~
#~~~~~~#
#~~~~~
#~~~~~~#####
#~~%%~


You could see 2 bullfrogs, an adder, 2 ball pythons and 2 frilled lizards.

Vanquished Creatures
  4 adders
  7 river rats (Sewer)
  A worm (D:2)
  2 dart slugs (D:3)
  2 orcs (D:3)
  8 bats
  5 endoplasms
  3 giant cockroaches
  5 goblins
  3 hobgoblins
  4 jackals
  6 quokkas
  13 ball pythons
  8 frilled lizards
  4 kobolds
  36 rats
111 creatures vanquished.

Notes
Turn   | Place    | Note
-------+----------+-------------------------------------------
     0 | D:1      | qw the Deep Elf Hunter began the quest for the Orb.
     0 | D:1      | Reached XP level 1. HP: 12/12 MP: 3/3
     0 | D:1      | 0 ||| qw: Version: 0.3-a-9-g12657ce
     0 | D:1      | 0 ||| qw: Game counter: 2507
     0 | D:1      | 0 ||| qw: Always use a shield: true
     0 | D:1      | 0 ||| qw: God list: Okawaru
     0 | D:1      | 0 ||| qw: Allow faded altars: false
     0 | D:1      | 0 ||| qw: Do Orc after D:15 true
     0 | D:1      | 0 ||| qw: Do second Lair branch before Depths: true
     0 | D:1      | 0 ||| qw: Lair rune preference: random
     0 | D:1      | 0 ||| qw: Plans: Normal
     0 | D:1      | 0 ||| PLANNING D:1-11
   107 | D:1      | Reached XP level 2. HP: 16/16 MP: 4/4
   127 | D:1      | Reached skill level 6 in Ranged Weapons
   202 | D:1      | You fall into a shaft and drop 1 floor!
   294 | D:2      | 294 ||| DROPPING amulet of magic regeneration.
   295 | D:2      | 295 ||| READING 2 scrolls labelled RUWOG WAFRYJUBB.
   298 | D:2      | 298 ||| READING 2 scrolls labelled FAZOZAGIFYU.
   299 | D:2      | 299 ||| READING scroll labelled REOWAOK PINO.
   300 | D:2      | 300 ||| READING scroll labelled MODDIQ BISE.
   301 | D:2      | 301 ||| DROPPING scroll of butterflies.
   302 | D:2      | 302 ||| Stepping randomly (stuck).
   303 | D:2      | 303 ||| Stepping randomly (stuck).
   304 | D:2      | 304 ||| Stepping randomly (stuck).
   305 | D:2      | 305 ||| Stepping randomly (stuck).
   306 | D:2      | 306 ||| Stepping randomly (stuck).
   307 | D:2      | 307 ||| Stepping randomly (stuck).
   308 | D:2      | 308 ||| Stepping randomly (stuck).
   309 | D:2      | 309 ||| Stepping randomly (stuck).
   310 | D:2      | 310 ||| Stepping randomly (stuck).
   311 | D:2      | 311 ||| Stepping randomly (stuck).
   312 | D:2      | 312 ||| Stepping randomly (stuck).
   313 | D:2      | 313 ||| Stepping randomly (stuck).
   314 | D:2      | 314 ||| Stepping randomly (stuck).
   315 | D:2      | 315 ||| Stepping randomly (stuck).
   316 | D:2      | 316 ||| Stepping randomly (stuck).
   317 | D:2      | 317 ||| Stepping randomly (stuck).
   318 | D:2      | 318 ||| Stepping randomly (stuck).
   319 | D:2      | 319 ||| Stepping randomly (stuck).
   320 | D:2      | 320 ||| Stepping randomly (stuck).
   321 | D:2      | 321 ||| Stepping randomly (stuck).
   322 | D:2      | 322 ||| Stepping randomly (stuck).
   323 | D:2      | 323 ||| Stepping randomly (stuck).
   324 | D:2      | 324 ||| Stepping randomly (stuck).
   325 | D:2      | 325 ||| Stepping randomly (stuck).
   326 | D:2      | 326 ||| Stepping randomly (stuck).
   327 | D:2      | 327 ||| Stepping randomly (stuck).
   328 | D:2      | 328 ||| Stepping randomly (stuck).
   329 | D:2      | 329 ||| Stepping randomly (stuck).
   330 | D:2      | 330 ||| Stepping randomly (stuck).
   331 | D:2      | 331 ||| Stepping randomly (stuck).
   332 | D:2      | 332 ||| Stepping randomly (stuck).
   333 | D:2      | 333 ||| Stepping randomly (stuck).
   334 | D:2      | 334 ||| Stepping randomly (stuck).
   335 | D:2      | 335 ||| Stepping randomly (stuck).
   336 | D:2      | 336 ||| Stepping randomly (stuck).
   337 | D:2      | 337 ||| Stepping randomly (stuck).
   338 | D:2      | 338 ||| Stepping randomly (stuck).
   339 | D:2      | 339 ||| Stepping randomly (stuck).
   340 | D:2      | 340 ||| Stepping randomly (stuck).
   341 | D:2      | 341 ||| Stepping randomly (stuck).
   342 | D:2      | 342 ||| Stepping randomly (stuck).
   343 | D:2      | 343 ||| Stepping randomly (stuck).
   344 | D:2      | 344 ||| Stepping randomly (stuck).
   345 | D:2      | 345 ||| Stepping randomly (stuck).
   346 | D:2      | 346 ||| Stepping randomly (stuck).
   347 | D:2      | 347 ||| Stepping randomly (stuck).
   348 | D:2      | 348 ||| Stepping randomly (stuck).
   349 | D:2      | 349 ||| Stepping randomly (stuck).
   350 | D:2      | 350 ||| Stepping randomly (stuck).
   351 | D:2      | 351 ||| Stepping randomly (stuck).
   352 | D:2      | 352 ||| Stepping randomly (stuck).
   353 | D:2      | 353 ||| READING scroll of teleportation.
   689 | D:1      | 689 ||| UPGRADING to +0 ring mail.
   699 | D:1      | 699 ||| DROPPING +0 leather armour.
   700 | D:1      | 700 ||| READING scroll of enchant armour.
   700 | D:1      | 700 ||| ENCHANTING +0 ring mail.
   701 | D:1      | 701 ||| UPGRADING to ring of protection from fire.
   702 | D:1      | 702 ||| READING scroll labelled GYDDIZ FIDOUQI.
   703 | D:1      | 703 ||| DRINKING 2 orange potions.
   704 | D:1      | 704 ||| DROPPING potion of brilliance.
   726 | D:2      | Reached XP level 3. HP: 20/20 MP: 5/5
   732 | D:2      | 732 ||| STAIRDANCE
   863 | D:2      | Reached skill level 7 in Ranged Weapons
   880 | D:2      | Found a faded altar of an unknown god.
  1282 | D:2      | HP: 2/20 [worm (8)]
  1362 | D:2      | 1362 ||| UPGRADING to ring of willpower.
  1363 | D:2      | 1363 ||| DROPPING ring of wizardry.
  1364 | D:2      | 1364 ||| READING scroll labelled OHUIDA MEGH.
  1388 | D:3      | 1388 ||| PLANNING SEWER
  1509 | D:3      | Found Uliog's Magic Scroll Shop.
  1517 | D:3      | 1517 ||| BUYING scroll of enchant armour (82 gold).
  1517 | D:3      | Bought a scroll of enchant armour for 82 gold pieces
  1517 | D:3      | 1517 ||| SHOPLISTING scroll of enchant weapon (82 gold,
                  | have 55).
  1517 | D:3      | 1517 ||| BUYING scroll of identify (22 gold).
  1517 | D:3      | Bought a scroll of identify for 22 gold pieces
  1517 | D:3      | 1517 ||| READING scroll of enchant armour.
  1517 | D:3      | 1517 ||| ENCHANTING +1 ring mail.
  1531 | D:3      | Reached XP level 4. HP: 25/25 MP: 6/6
  1592 | D:3      | Found a glowing drain.
  1593 | D:3      | 1593 ||| UPGRADING to +1 pair of boots.
  1607 | Sewer    | Entered a sewer
  1620 | Sewer    | 1620 ||| Stepping ~*~*~tactically~*~*~ (water).
  1623 | Sewer    | 1623 ||| Stepping ~*~*~tactically~*~*~ (water).
  1625 | Sewer    | 1625 ||| Stepping ~*~*~tactically~*~*~ (water).
  1629 | Sewer    | 1629 ||| Stepping ~*~*~tactically~*~*~ (water).
  1651 | Sewer    | 1651 ||| Stepping ~*~*~tactically~*~*~ (water).
  1689 | Sewer    | Reached skill level 8 in Ranged Weapons
  1831 | Sewer    | 1831 ||| Stepping ~*~*~tactically~*~*~ (water).
  1835 | Sewer    | Reached XP level 5. HP: 29/29 MP: 7/7
  2047 | Sewer    | Reached skill level 9 in Ranged Weapons
  2078 | Sewer    | 2078 ||| Stepping ~*~*~tactically~*~*~ (water).
  2086 | Sewer    | HP: 2/30 [bullfrog (7)]
  2086 | Sewer    | Slain by a bullfrog

Levels and vault maps discovered:
D:1:      minmay_arrival_checkered_box, layout_basic
D:2:      layout_loops_ring, basic_ecumenical_altar
D:3:      layout_basic, lemuel_crystal_altar, cheibrodos_sewer_entry_drain,
          serial_shops, shop, kennysheep_generic_room_7
Sewer:    sewer_minmay_w

Skill      XL: |  1  2  3  4  5 |
---------------+----------------+-----
Ranged Weapons | 6 7 8 9 |  9.0
Fighting       | |  1.8
Dodging        | |  2.4
Stealth        | |  1.2

Action                     |  1- 3 |  4- 6 || total
---------------------------+-------+-------++-------
   Fire: Shortbow          |   118 |   179 ||   297
    Use: Scroll            |     9 |       ||     9
         Potion            |     1 |       ||     1
 Armour: Leather armour    |     5 |       ||     5
         Ring mail         |     6 |    37 ||    43
  Dodge: Dodged            |    17 |    59 ||    76

Table legend:
 A = Non-vault XP
 B = Vault XP
 C = Vault XP percentage of total XP
 D = Non-vault monster count
 E = Vault monster count
 F = Vault count percentage of total count
                 A         B        C        D         E       F
            +---------+---------+-------+---------+---------+-------
      Total |     102 |     197 |  65.9 |      48 |      63 |  56.8
            +---------+---------+-------+---------+---------+-------
        D:1 |      28 |       0 |   0.0 |      16 |       0 |   0.0
        D:2 |      50 |       0 |   0.0 |      22 |       0 |   0.0
        D:3 |      24 |       7 |  22.6 |      10 |       4 |  28.6
      Sewer |       0 |     190 | 100.0 |       0 |      59 | 100.0
            +---------+---------+-------+---------+---------+-------
